Map: Acid Plant LE

Players

Mpoufos - Winner!

  • Race: Terran Terran
  • League: Platinum
  • Spawn Location: 5:00

axu

  • Race: Protoss Protoss
  • League: Platinum
  • Spawn Location: 11:00

VOD

Have the link to the VOD?

Description

Time

  • Played on: April 11, 2018, 1:36 p.m.
  • Length: 9:23
Show
View Real Time Build Order
Export as new Build Order

Mpoufos Terran - Winner!

Build Orders: 1/1/1, MMM Bio 

Get SALT Encoding   

  12  0:01  SCV  
  13  0:13  SCV  
  14  0:18  Supply Depot  
  14  0:25  SCV  
  15  0:30  Refinery  
  15  0:43  Barracks  
  15  0:45  SCV  
  16  0:58  Refinery, SCV  
  17  1:10  SCV  
  18  1:23  SCV  
  19  1:29  Marine  
  19  1:30  Supply Depot  
  20  1:39  Factory  
  20  1:48  Barracks Tech Lab  
  20  1:50  SCV  
  21  2:02  Orbital Command  
  21  2:18  Marine  
  22  2:23  Starport  
  23  2:33  Siege Tank  
  25  2:38  Marine  
  26  2:52  SCV  
  26  2:55  Supply Depot  
  27  2:58  Marine  
  27  3:00  Medivac  
  30  3:12  Barracks  
  30  3:13  SCV  
  30  3:19  Engineering Bay  
  31  3:29  Barracks Tech Lab  
  31  3:35  Siege Tank  
  31  3:37  Starport Reactor  
  34  3:47  Missile Turret  
  34  3:48  SCV  
  35  3:51  Stimpack  
  35  3:55  Marine  
  36  4:41  Barracks Reactor  
  36  4:42  Marauder  
  36  4:59  Siege Tank  
  36  5:04  Marauder  
  36  5:06  Supply Depot  
  38  5:09  Medivac x2  
  42  5:16  Barracks  
  42  5:19  Marine  
  42  5:20  Marine  
  44  5:25  Marauder  
  46  5:33  Terran Infantry Weapons Level 1  
  46  5:37  Marine x2  
  46  5:40  Missile Turret  
  48  5:46  Marauder  
  50  5:56  Marine x2  
  52  6:05  Barracks Tech Lab  
  52  6:08  Marauder  
  54  6:14  Marine  
  55  7:10  Marine x3  
  58  7:15  Supply Depot  
  58  7:16  Supply Depot  
  58  7:18  Supply Depot  
  58  7:31  Siege Tank  
  58  7:33  Medivac x2  
  58  7:36  Marauder x2  
  52  7:54  Marine x2  
  54  8:03  Engineering Bay  
  54  8:04  Combat Shields  
  54  8:06  Concussive Shells  
  54  8:12  Marine x2  
  56  8:21  Barracks  
  56  8:29  Command Center, Marine  
  57  8:37  Siege Tank  
Show
View Real Time Build Order
Export as new Build Order

axu Protoss 

Build Orders: 1 Gate Expand, Oracle Opening 

Get SALT Encoding   

  12  0:01  Probe  
  13  0:13  Probe  
  14  0:18  Pylon  
  14  0:25  Probe  
  15  0:37  Probe  
  15  0:39  Gateway  
  16  0:49  Probe  
  17  0:53  Assimilator  
  17  1:01  Probe (Chrono Boost)  
  18  1:13  Probe (Chrono Boost)  
  19  1:21  Probe (Chrono Boost)  
  20  1:28  Nexus  
  20  1:38  Cybernetics Core  
  20  1:46  Assimilator  
  20  1:51  Probe (Chrono Boost)  
  21  2:10  Probe  
  21  2:12  Warp Gate (Chrono Boost)  
  22  2:24  Pylon  
  22  2:28  Stargate  
  22  2:40  Adept  
  24  2:45  Gateway x2  
  24  2:48  Probe  
  24  2:49  Probe  
  26  3:01  Pylon  
  26  3:03  Probe  
  26  3:04  Probe  
  28  3:13  Oracle  
  28  3:16  Probe  
  28  3:17  Probe  
  33  3:24  Stalker  
  35  3:28  Probe  
  35  3:29  Probe  
  37  3:41  Probe  
  38  3:42  Probe  
  38  3:43  Shield Battery  
  38  3:47  Shield Battery  
  39  4:16  Stalker x2  
  39  4:17  Stalker  
  41  5:05  Probe x2  
  43  5:17  Probe x2 (Chrono Boost)  
  45  5:21  Stalker x2  
  45  5:22  Stalker  
  45  5:28  Robotics Facility, Probe (Chrono Boost)  
  52  5:47  Gateway  
  52  5:49  Stalker  
  54  5:50  Gateway  
  54  5:53  Pylon  
  54  5:57  Pylon  
  54  5:59  Assimilator  
  54  6:03  Assimilator  
  54  6:10  Probe x2 (Chrono Boost)  
  54  6:13  Stalker x2  
  54  6:17  Observer (Chrono Boost)  
  61  6:20  Probe  
  61  6:21  Probe  
  63  6:26  Pylon  
  63  6:27  Stalker  
  63  6:30  Observer (Chrono Boost)  
  61  6:46  Stalker x3  
  62  7:06  Stalker  
  36  7:53  Nexus  
  36  7:56  Immortal, Pylon  
  40  7:58  Stalker x2  
  40  7:59  Stalker x3, Pylon  
  50  8:10  Twilight Council  
Tags
 
Add a new tag
Caveats
  • Supply blocks, unpowered buildings, or Contaminate may cause inaccurate times.
  • Supply counts are checked every 10 seconds.